 Dungeon Sprint DCSS version 0.30.1-11-g7821555f0a (webtiles) character file.

Game seed: 13275275524602971883

399 Heoruswealwe the Spear-Bearer (level 6, -5/63 HPs)
             Began as a Minotaur Fighter on Nov 3, 2023.
             Was an Initiate of Gozag.
             Slain by a yak (10 damage)
             ... in the Dungeon (Sprint IX: "|||||||||||||||||||||||||||||").
             The game lasted 00:01:12 (121 turns).

Heoruswealwe the Spear-Bearer (Minotaur Fighter)     Turns: 121, Time: 00:01:13

Health: -5/63      AC: 15    Str: 23    XL:     6   Next: 54%
Magic:  5/5        EV: 10    Int:  5    God:    Gozag
Gold:   0          SH:  0    Dex:  9    Spells: 5/5 levels left

rFire   . . .        b - +2 halberd (protect)
rCold   . . .        (shield currently unavailable)
rNeg    . . .        c - +0 scale mail
rPois   .            (helmet restricted)
rElec   .            (no cloak)
rCorr   .            (no gloves)
SInv    .            (no boots)
Will    .....        (no amulet) Stlth
                     (no ring)
HPRegen 0.30/turn    (no ring)
MPRegen 0.09/turn

%: no teleportation
@: gold aura, under a protective aura
A: horns 2, retaliatory headbutt
a: Renounce Religion, Potion Petition, Call Merchant, Bribe Branch


You were in the Dungeon.
You worshipped Gozag.
Gozag was noncommittal.
You visited 1 branch

Inventory:

Hand Weapons
 a - a +0 trident
 b - a +2 halberd of protection (weapon)
Armour
 c - a +0 scale mail (worn)
 d - a +0 buckler
Jewellery
 l - a +3 ring of intelligence
 m - a +3 ring of strength
Wands
 h - a wand of roots (10)
Scrolls
 j - 2 scrolls of blinking
Potions
 e - 5 potions of curing
 f - 3 potions of heal wounds
 g - a potion of haste
 i - a potion of berserk rage
 k - a potion of might


   Skills:
 + Level 9.2 Fighting
 * Level 12.1 Polearms
 + Level 9.2 Armour
 - Level 3.6 Shields


You had 5 spell levels left.
You didn't know any spells.
Your spell library was empty.

Dungeon Overview and Level Annotations

Branches:
Dungeon (1/1)

Altars:
Cheibriados
Dithmenos
Elyvilon
Fedhas
Gozag
Hepliaklqana
Kikubaaqudgha
Makhleb
Nemelex Xobeh
Okawaru
Qazlal
Ru
Sif Muna
Trog
Uskayaw
Vehumet
Wu Jian
Xom
Yredelemnul
Zin
The Shining One
Jiyva
Lugonu


Innate Abilities, Weirdness & Mutations

You have a pair of horns on your head.
You reflexively headbutt those who attack you in melee.


Message History

The orc warrior hits you with a +0 glaive!
* * * LOW HITPOINT WARNING * * *
There is an open door to the Dungeon, spattered with blood here.
You see here 99 gold pieces.
You hit the orc warrior but do no damage.
You headbutt the orc warrior.
The orc warrior is lightly wounded.
The orc warrior closely misses you.
You slice the orc warrior!!
You kill the orc warrior!
Your Polearms skill increases to level 11!
You have reached level 6!
You barely miss the kobold brigand.
The yak is distracted by your dazzling golden aura.
The kobold brigand barely misses you.
You closely miss the kobold brigand.
The yak bellows!
Your headbutt misses the kobold brigand.
The kobold brigand hits you but does no damage.
You slash the kobold brigand!
The kobold brigand is heavily wounded.
The kobold brigand hits you but does no damage.
You hit the kobold brigand but do no damage.
Your headbutt misses the kobold brigand.
The kobold brigand is heavily wounded.
The kobold brigand closely misses you.
You barely miss the kobold brigand. You headbutt the kobold brigand.
The kobold brigand is heavily wounded.
The kobold brigand hits you with a +0 dagger.
* * * LOW HITPOINT WARNING * * *
You impale the kobold brigand!!
You kill the kobold brigand!
The yak is no longer distracted by gold.
The yak is distracted by your dazzling golden aura.
Your Fighting skill increases to level 9!
Your Polearms skill increases to level 12!
Your Armour skill increases to level 9!
You completely miss the yak. The yak gores you!
You die...
Your body crumbles into a pile of gold.

▓+▓
▓.▓
$
▓o▓
$
▓Y▓
$ $
▓.▓
$
▓.▓
$
▓Y▓
▓@▓
$
▓.▓
▓.▓
$
▓[▓
▓[▓
$
▓[▓
▓.▓
$
▓)▓
$
▓?▓
$


You could see 2 yaks and an orc warrior.

Vanquished Creatures
  A yak (D)
  An orc warrior (D)
  A kobold brigand (D)
  A scorpion (D)
  A hound (D)
  An orc (D)
  A ball python (D)
  A bat (D)
  An endoplasm (D)
  A jackal (D)
  A quokka (D)
  A frilled lizard (D)
  A rat (D)
13 creatures vanquished.

Notes
Turn   | Place    | Note
-------+----------+-------------------------------------------
     0 | D        | Heoruswealwe the Minotaur Fighter began the quest for the
                  | Orb.
     0 | D        | Reached XP level 1. HP: 19/19 MP: 0/0
    14 | D        | Reached skill level 3 in Polearms
    32 | D        | Noticed a scorpion
    32 | D        | Noticed a hound
    35 | D        | Reached skill level 4 in Polearms
    39 | D        | Killed a hound
    40 | D        | Reached skill level 5 in Fighting
    40 | D        | Reached skill level 5 in Polearms
    40 | D        | Reached skill level 5 in Armour
    40 | D        | Reached XP level 2. HP: 14/29 MP: 1/1
    40 | D        | Reached XP level 3. HP: 18/36 MP: 2/2
    43 | D        | Reached skill level 6 in Polearms
    51 | D        | Killed a scorpion
    52 | D        | Reached skill level 7 in Polearms
    52 | D        | Reached XP level 4. HP: 19/45 MP: 3/3
    58 | D        | Found a snail-covered altar of Cheibriados.
    58 | D        | Found a shadowy altar of Dithmenos.
    58 | D        | Found a white marble altar of Elyvilon.
    58 | D        | Found a blossoming altar of Fedhas.
    58 | D        | Found an opulent altar of Gozag.
    59 | D        | Found a hazy altar of Hepliaklqana.
    60 | D        | Found a viscous altar of Jiyva.
    61 | D        | Found an ancient bone altar of Kikubaaqudgha.
    62 | D        | Found a corrupted altar of Lugonu.
    63 | D        | Found a burning altar of Makhleb.
    64 | D        | Found a sparkling altar of Nemelex Xobeh.
    65 | D        | Found an iron altar of Okawaru.
    66 | D        | Became a worshipper of Gozag Ym Sagoz the Greedy
    67 | D        | Found a stormy altar of Qazlal.
    68 | D        | Found a sacrificial altar of Ru.
    69 | D        | Found a shimmering blue altar of Sif Muna.
    70 | D        | Found a bloodstained altar of Trog.
    71 | D        | Found a hide-covered altar of Uskayaw.
    72 | D        | Found a radiant altar of Vehumet.
    73 | D        | Found an ornate altar of the Wu Jian Council.
    74 | D        | Found a shimmering altar of Xom.
    75 | D        | Found a basalt altar of Yredelemnul.
    76 | D        | Found a glowing silver altar of Zin.
    77 | D        | Found a glowing golden altar of the Shining One.
   108 | D        | Noticed an orc warrior
   108 | D        | Noticed a yak
   108 | D        | Noticed a yak
   108 | D        | Noticed a kobold brigand
   108 | D        | Noticed an orc warrior
   108 | D        | Noticed a yak
   111 | D        | Killed a yak
   112 | D        | Reached skill level 10 in Polearms
   112 | D        | Reached XP level 5. HP: 22/53 MP: 4/4
   114 | D        | Killed an orc warrior
   115 | D        | Reached skill level 11 in Polearms
   115 | D        | Reached XP level 6. HP: 7/62 MP: 5/5
   121 | D        | Reached skill level 12 in Polearms
   121 | D        | Slain by a yak

Illustrated notes

Levels and vault maps discovered:
D:        linesprint [early_d, line_temple, items_1, d_10, items_2, lair_1,
          lair_end, items_3, orc_1, orc_end, items_4, d_15, swamp_1, shoals_1,
          snake_1, spider_1, d_20, vaults_1, items_5, swamp_end, shoals_end,
          snake_end, spider_end, vaults_end, d_27, items_6, zot_1, zot_end,
          crypt_end, forest_end, elf_end, slime_end, tomb_end, abyss_end,
          pan_hell_end]

Skill      XL: |  1  2  3  4  5  6 |
---------------+-------------------+-----
Polearms       | 5 7 10 11 12 | 12.1
Fighting       | 5 6 8 9 |  9.2
Armour         | 5 6 8 9 |  9.2
Shields        | |  3.6

Action                     |  1- 3 |  4- 6 || total
---------------------------+-------+-------++-------
  Melee: Trident           |    32 |       ||    32
         Headbutt          |     3 |     3 ||     6
         Halberd           |       |    12 ||    12
 Armour: Scale mail        |    11 |     3 ||    14
  Dodge: Dodged            |    17 |     3 ||    20
  Block: Buckler           |     3 |       ||     3
